Map: Submarine LE

Players

TIME (Oliveira) - Winner!

  • Race: Terran Terran
  • Spawn Location: 11:00

SpeCial

  • Race: Terran Terran
  • Spawn Location: 5:00

Event: IEM Katowice 2021

VOD

Have the link to the VOD?

Description

Time

  • Played on: Feb. 23, 2021, 10:13 a.m.
  • Length: 20:06

All games in this series

Show
View Real Time Build Order
Export as new Build Order

TIME Terran - Winner!

Build Orders:  

Get SALT Encoding   

  12  0:00  SCV  
  13  0:12  SCV  
  14  0:17  Supply Depot  
  14  0:24  SCV  
  15  0:38  SCV  
  15  0:40  Barracks  
  16  0:43  Refinery  
  16  0:51  SCV  
  16  0:53  Refinery  
  17  1:03  SCV  
  18  1:15  SCV  
  19  1:27  Reaper, Orbital Command  
  19  1:29  Supply Depot  
  20  1:42  Factory  
  20  1:53  SCV  
  21  1:59  Reaper  
  22  2:05  SCV  
  23  2:17  SCV  
  23  2:20  Command Center  
  24  2:26  Widow Mine  
  24  2:29  SCV  
  27  2:32  Barracks Reactor  
  27  2:35  Supply Depot  
  27  2:41  SCV  
  28  2:47  Factory Tech Lab  
  28  2:53  SCV  
  29  3:05  SCV  
  29  3:06  Cyclone  
  29  3:07  Starport  
  29  3:09  Marine x2  
  35  3:18  SCV  
  36  3:21  Refinery  
  36  3:27  Marine x2  
  36  3:32  Orbital Command  
  38  3:35  SCV  
  39  3:44  Marine  
  39  3:45  Marine  
  39  3:47  Factory Tech Lab  
  41  3:49  Raven, SCV  
  44  3:58  SCV  
  44  4:00  Supply Depot  
  44  4:02  Marine x2  
  45  4:03  Barracks  
  45  4:06  SCV  
  48  4:11  Siege Tank  
  48  4:14  SCV  
  52  4:18  SCV  
  52  4:23  Supply Depot  
  52  4:26  SCV  
  53  4:34  SCV  
  54  4:39  Stimpack, Marine  
  54  4:40  SCV  
  54  4:44  Viking x2  
  60  4:47  SCV  
  60  4:51  Supply Depot  
  59  4:53  Siege Tank  
  59  4:57  Marine x2  
  65  5:00  SCV  
  65  5:01  SCV  
  65  5:14  Supply Depot  
  65  5:15  Viking x2  
  65  5:16  SCV  
  65  5:18  SCV  
  71  5:23  Marine x2  
  73  5:30  SCV x2, Siege Tank  
  78  5:42  Command Center  
  78  5:45  Viking  
  78  5:47  Viking  
  81  5:50  SCV  
  81  5:56  SCV  
  81  6:00  Marine  
  81  6:01  Barracks Reactor  
  81  6:03  SCV  
  83  6:04  Siege Tank  
  83  6:05  Barracks  
  86  6:12  Supply Depot  
  86  6:13  Supply Depot  
  86  6:17  Supply Depot  
  86  6:34  SCV x2, Marine, Combat Shield, Viking x2  
  93  6:41  Marine x2  
  93  6:46  SCV x2  
  96  6:50  Siege Tank  
  96  6:51  Refinery  
  96  6:53  Engineering Bay  
  96  6:54  Engineering Bay  
  98  6:57  Orbital Command  
  98  6:58  SCV  
  98  7:00  SCV  
  100  7:03  Marine  
  100  7:04  Marine  
  100  7:05  Barracks Reactor  
  101  7:10  SCV  
  101  7:11  Supply Depot  
  101  7:12  Medivac  
  101  7:14  Marine  
  101  7:15  SCV  
  106  7:19  Medivac  
  106  7:22  SCV, Supply Depot  
  109  7:23  SCV  
  109  7:25  Marine  
  109  7:27  SCV, Marine  
  111  7:35  SCV  
  75  7:45  Marine  
  75  7:49  Marine  
  75  7:50  Marine  
  75  7:51  Marine x2  
  66  7:54  SCV x2  
  66  7:58  Medivac, Siege Tank  
  66  7:59  Medivac  
  66  8:00  SCV  
  66  8:03  Marine  
  75  8:06  SCV  
  75  8:07  Marine x2  
  75  8:08  Terran Infantry Weapons Level 1  
  75  8:09  Marine  
  75  8:10  SCV  
  80  8:12  Marine  
  80  8:17  SCV  
  75  8:21  Marine  
  75  8:25  Marine x2  
  75  8:26  SCV  
  75  8:27  Marine  
  73  8:29  SCV x2  
  73  8:30  Marine  
  73  8:33  Siege Tank  
  80  8:37  Medivac  
  80  8:38  SCV  
  80  8:39  Marine  
  84  8:43  Marine  
  84  8:45  Marine x2  
  84  8:47  SCV, Terran Infantry Armor Level 1  
  88  8:49  SCV  
  88  8:50  Barracks  
  88  8:52  Barracks  
  89  8:55  SCV  
  89  8:56  Armory  
  89  8:59  SCV, Marine x2  
  89  9:01  SCV, Viking  
  96  9:07  SCV  
  94  9:10  Marine  
  94  9:13  Marine  
  94  9:16  Marine  
  83  9:17  Siege Tank  
  83  9:19  Medivac  
  83  9:20  SCV x3  
  83  9:21  Marine  
  83  9:22  Refinery x2  
  92  9:26  Marine  
  92  9:28  Marine  
  94  9:31  Marine  
  94  9:32  SCV  
  94  9:34  Marine  
  94  9:35  Viking  
  94  9:36  SCV x2  
  101  9:39  Marine  
  101  9:41  Barracks Reactor  
  101  9:42  Sensor Tower  
  101  9:44  SCV  
  103  9:45  Barracks Reactor  
  103  9:46  Marine  
  103  9:48  SCV x2  
  103  9:50  Marine x2  
  103  9:51  Command Center  
  108  9:55  Siege Tank  
  108  9:56  SCV  
  112  10:00  Viking  
  112  10:01  Marine x2  
  112  10:03  SCV, Marine  
  112  10:05  SCV  
  119  10:08  Marine  
  119  10:09  Marine, Viking  
  123  10:16  Supply Depot  
  123  10:19  Marine  
  124  10:22  Marine x4  
  124  10:23  Marine x2  
  124  10:26  SCV x2  
  124  10:27  Missile Turret  
  132  10:29  Terran Infantry Weapons Level 2  
  132  10:30  Marine  
  132  10:33  SCV  
  132  10:35  Marine  
  135  10:37  Marine  
  135  10:40  Marine x2  
  135  10:42  Terran Vehicle Weapons Level 1  
  138  10:44  Marine x2  
  138  10:47  Marine x2  
  138  10:49  Marine  
  143  10:50  Siege Tank, Viking  
  143  10:53  Marine  
  143  10:54  Supply Depot  
  143  10:55  Marine  
  149  10:58  Terran Infantry Armor Level 2  
  149  11:02  Marine x3, Viking  
  154  11:05  Marine  
  154  11:10  Factory  
  152  11:12  Marine x2  
  152  11:15  Marine  
  152  11:17  Barracks Reactor, Planetary Fortress  
  155  11:19  Marine  
  155  11:20  Marine x2  
  155  11:22  Viking  
  155  11:25  Marine, Supply Depot x2  
  160  11:26  Supply Depot, Marine  
  160  11:27  Missile Turret  
  160  11:30  Marine  
  162  11:35  Marine, Siege Tank, Viking  
  162  11:37  Marine x2  
  170  11:41  Marine x2  
  170  11:46  Marine  
  173  11:47  Marine  
  173  11:51  Marine  
  173  11:53  Marine  
  176  11:55  Command Center  
  176  12:00  Marine x3  
  179  12:01  Siege Tank  
  179  12:02  Marine x2, Viking  
  184  12:09  Marine  
  184  12:14  Marine x2  
  183  12:19  Starport  
  183  12:20  Refinery  
  183  12:21  Refinery, Starport  
  183  12:22  Marine x2  
  183  12:25  Marine  
  183  12:29  Marine x2  
  187  12:30  Siege Tank  
  187  12:38  Marine x2  
  189  12:47  Marine  
  189  12:48  Marine  
  189  12:49  Marine x2  
  190  12:51  Viking x2  
  190  12:53  Marine x2  
  190  12:57  Supply Depot  
  196  13:04  Starport Tech Lab x2  
  196  13:07  Marine, Siege Tank  
  196  13:09  Command Center, Planetary Fortress  
  196  13:12  Missile Turret  
  200  13:24  Corvid Reactor  
  200  13:25  Marine  
  200  13:26  Marine  
  155  13:34  Marine  
  155  13:35  Marine  
  155  13:37  Marine  
  155  13:38  Marine x2  
  155  13:39  Raven x2  
  137  13:43  Viking  
  137  13:45  Marine x2  
  137  13:48  Marine x2  
  120  13:49  Viking  
  120  13:50  Terran Infantry Weapons Level 3, Marine, Siege Tank x2  
  120  13:52  Marine  
  120  13:54  SCV x2  
  120  13:55  SCV  
  133  13:57  SCV  
  133  14:00  Marine x2  
  136  14:06  Marine, Terran Infantry Armor Level 3  
  136  14:09  SCV x2  
  137  14:12  SCV  
  137  14:13  SCV  
  137  14:15  Marine x2  
  141  14:17  Marine x3  
  141  14:21  Marine x2  
  141  14:23  SCV  
  147  14:25  Raven  
  147  14:27  Raven, Marine  
  147  14:30  SCV  
  153  14:32  Orbital Command  
  153  14:36  Marine x2  
  155  14:38  Terran Vehicle Weapons Level 2  
  155  14:39  Marine  
  155  14:41  SCV  
  155  14:42  Marine x2  
  159  14:46  Marine  
  159  14:47  Missile Turret  
  159  14:49  Marine  
  159  14:50  SCV x3  
  159  14:51  Marine x2  
  165  14:53  Marine  
  165  14:54  Marine  
  166  15:00  Marine  
  166  15:10  Marine  
  167  15:15  Marine  
  167  15:16  Raven x2  
  167  15:19  Marine, Viking x2  
  167  15:20  Marine  
  180  15:21  Marine x2  
  175  15:28  Marine  
  175  15:31  Marine x2  
  175  15:35  Siege Tank x2  
  184  15:36  Marine  
  184  15:37  SCV x2  
  184  15:40  Missile Turret  
  187  15:45  SCV, Marine x2  
  187  15:46  Marine x3  
  187  15:47  Barracks Reactor  
  187  15:49  SCV, Marine  
  190  15:51  Medivac  
  190  15:53  Marine  
  190  15:55  Marine  
  195  15:59  Medivac  
  195  16:02  Marine x2  
  199  16:04  Marine  
  199  16:08  Marine x2  
  199  16:09  Marine  
  200  16:30  Command Center, Refinery  
  200  16:31  Command Center, Refinery, Missile Turret  
  200  16:38  Raven, Marine  
  197  16:50  Marine  
  197  16:52  Marine  
  199  16:59  Terran Vehicle And Ship Armor Level 1  
  194  17:03  Raven, Marine  
  194  17:04  Marine  
  170  17:21  Marine  
  140  17:23  Viking  
  140  17:24  Raven, Viking  
  140  17:25  Marine, Siege Tank  
  140  17:26  Marine x2  
  140  17:29  Marine x2  
  130  17:31  Marine x2  
  130  17:34  Marine x2  
  132  17:37  Siege Tank  
  132  17:39  Marine, Orbital Command  
  132  17:43  Marine  
  124  17:44  Marine x2  
  124  17:47  Marine x2  
  124  17:48  Raven  
  124  17:49  Marine x2, Starport x2  
  124  17:50  Orbital Command x2  
  132  17:52  Marine  
  132  17:56  Marine  
  132  17:57  Marine, Viking  
  132  17:58  Siege Tank, Viking  
  142  18:01  Marine  
  142  18:02  Marine  
  142  18:05  Missile Turret  
  144  18:06  Marine x2  
  144  18:07  Marine  
  144  18:10  Marine  
  147  18:13  Marine  
  147  18:16  Raven  
  150  18:22  Marine  
  151  18:27  Marine x2  
  151  18:28  Marine x2, Siege Tank  
  151  18:31  Raven  
  155  18:39  Marine x4  
  155  18:40  Starport Tech Lab  
  134  18:42  Siege Tank  
  134  18:44  Viking  
  134  18:47  Marine  
  134  18:48  Marine x2  
  146  18:50  Marine  
  146  18:52  Marine  
  146  18:55  Liberator x2  
  147  18:56  Marine  
  147  18:57  Marine x2  
  153  19:03  Marine x2  
  153  19:04  Raven  
  153  19:05  Raven  
  153  19:06  Marine x2  
  153  19:09  Marine x2  
  159  19:11  Marine  
  159  19:14  Marine x2  
  159  19:15  Marine, Siege Tank x2  
  169  19:21  Raven, Marine x2  
  173  19:24  Marine  
  173  19:28  Marine x2  
  171  19:32  Marine  
  171  19:34  Marine x3  
  171  19:38  Marine  
  176  19:43  Marine  
  176  19:44  Marine x2, Refinery  
  176  19:45  Starport Tech Lab  
  179  19:46  Marine, Refinery  
Show
View Real Time Build Order
Export as new Build Order

SpeCial Terran 

Build Orders: 1/1/1 

Get SALT Encoding   

  12  0:00  SCV  
  13  0:12  SCV  
  14  0:16  Supply Depot  
  14  0:22  Refinery  
  14  0:27  SCV  
  15  0:39  SCV  
  16  0:44  Barracks  
  16  0:51  SCV  
  16  0:54  Refinery  
  17  1:03  SCV  
  18  1:15  SCV  
  19  1:31  Orbital Command  
  20  1:33  Factory  
  20  1:35  Reaper  
  20  1:45  Supply Depot  
  20  1:57  SCV  
  21  2:07  Reaper  
  22  2:09  SCV  
  23  2:17  Hellion  
  23  2:19  Starport  
  23  2:21  SCV  
  26  2:25  Supply Depot  
  26  2:33  SCV  
  27  2:39  Barracks Tech Lab  
  27  2:40  Widow Mine  
  29  2:45  SCV  
  30  2:58  SCV  
  31  3:02  Banshee  
  34  3:09  Command Center  
  34  3:13  Barracks Reactor, Factory Tech Lab  
  34  3:15  SCV  
  35  3:24  Supply Depot  
  35  3:27  SCV  
  35  3:31  Refinery  
  35  3:34  Siege Tank  
  39  3:45  SCV  
  40  3:49  Marine x2  
  40  3:53  Raven  
  44  3:57  SCV  
  45  4:07  Marine x2  
  47  4:20  SCV, Siege Tank  
  47  4:22  Orbital Command  
  51  4:25  Marine x2  
  53  4:32  Supply Depot  
  53  4:33  SCV  
  54  4:45  SCV  
  55  4:48  SCV  
  55  4:49  Viking x2  
  60  4:54  Marine  
  60  4:57  SCV  
  60  4:58  Siege Tank  
  65  5:00  SCV  
  65  5:01  Supply Depot  
  66  5:09  SCV  
  66  5:12  Marine  
  66  5:13  SCV  
  69  5:17  Supply Depot  
  70  5:21  SCV  
  70  5:22  Viking x2  
  72  5:28  SCV  
  72  5:29  Marine  
  72  5:33  SCV  
  75  5:41  SCV  
  76  5:45  SCV  
  76  5:47  Marine  
  78  5:52  Viking x2  
  82  6:00  Command Center  
  82  6:03  SCV x2  
  82  6:05  Marine  
  82  6:08  Siege Tank  
  85  6:13  Refinery  
  85  6:15  SCV  
  86  6:27  SCV  
  86  6:28  Supply Depot x2  
  86  6:29  SCV, Marine  
  88  6:33  Viking x2  
  88  6:39  SCV  
  92  6:41  SCV  
  92  6:46  Marine  
  93  6:50  Siege Tank  
  93  6:51  SCV  
  93  6:53  SCV  
  99  7:02  Stimpack  
  99  7:03  SCV  
  99  7:04  Marine, Viking  
  99  7:08  Viking  
  105  7:09  Barracks  
  105  7:10  Barracks  
  105  7:12  SCV  
  105  7:16  Supply Depot  
  105  7:17  SCV  
  105  7:22  Marine, Siege Tank  
  110  7:33  SCV x2  
  92  7:45  Viking  
  83  7:54  Viking  
  83  7:55  SCV  
  83  7:57  Orbital Command  
  77  8:00  Barracks Reactor  
  77  8:01  Barracks Reactor  
  77  8:02  Siege Tank  
  79  8:05  Engineering Bay  
  79  8:06  SCV  
  79  8:07  Engineering Bay  
  78  8:15  Viking  
  78  8:20  Marine  
  78  8:24  Viking  
  78  8:26  SCV  
  78  8:27  SCV  
  78  8:28  SCV  
  78  8:33  Terran Infantry Weapons Level 1, Terran Infantry Armor Level 1  
  78  8:34  Siege Tank  
  77  8:37  Refinery  
  77  8:38  Marine  
  77  8:39  SCV, Marine, Refinery  
  77  8:40  Marine x3  
  83  8:45  SCV x2, Viking  
  83  8:46  Sensor Tower  
  87  8:48  Combat Shield  
  87  8:51  SCV  
  87  8:54  Viking  
  90  8:55  Marine  
  90  8:57  SCV, Marine  
  90  8:58  Marine  
  90  8:59  SCV  
  95  9:06  Marine, Siege Tank  
  95  9:07  Marine  
  95  9:09  SCV  
  93  9:10  SCV  
  93  9:13  SCV, Marine  
  93  9:15  Marine  
  93  9:16  Marine  
  85  9:22  SCV x2  
  87  9:24  Marine x2  
  87  9:25  SCV  
  87  9:27  Barracks  
  90  9:31  Marine  
  90  9:33  Marine  
  90  9:34  SCV x2  
  90  9:37  SCV, Marine  
  82  9:38  Medivac x2  
  96  9:39  Barracks  
  96  9:42  Marine  
  96  9:43  Marine  
  96  9:44  Siege Tank  
  105  9:46  SCV x2  
  105  9:48  Supply Depot  
  105  9:49  SCV, Marine  
  105  9:51  Armory  
  109  9:57  Marine x2  
  109  9:58  SCV x2  
  112  10:00  Marine x2  
  112  10:02  SCV  
  112  10:07  Marine  
  115  10:08  Supply Depot  
  115  10:10  SCV x2  
  115  10:11  Medivac x2  
  115  10:14  SCV, Marine  
  123  10:15  Marine  
  123  10:16  Siege Tank  
  123  10:18  Marine x2, Barracks Reactor  
  130  10:22  SCV  
  130  10:23  Supply Depot  
  130  10:24  Supply Depot  
  130  10:27  Barracks Reactor  
  130  10:28  Factory  
  131  10:34  Barracks Reactor  
  129  10:43  Command Center, Terran Infantry Armor Level 2, Terran Infantry Weapons Level 2  
  129  10:44  Marine x2  
  129  10:45  Marine  
  129  10:46  Marine  
  130  10:54  Siege Tank  
  130  10:55  Supply Depot  
  132  10:57  Marine x2  
  132  11:00  Viking  
  132  11:02  Marine x2  
  132  11:03  Marine, Viking  
  140  11:04  Marine  
  140  11:08  Marine x2  
  143  11:12  Marine x2  
  143  11:13  Supply Depot  
  143  11:15  Marine x2  
  143  11:16  Siege Tank  
  148  11:20  Marine x2  
  148  11:21  Marine  
  151  11:26  SCV x3  
  151  11:27  Marine x2  
  151  11:31  Siege Tank  
  159  11:35  Supply Depot, Marine x3  
  159  11:36  Marine x2  
  159  11:38  SCV, Marine  
  170  11:41  Liberator x2  
  172  11:47  SCV x2  
  172  11:49  Marine x2  
  172  11:50  SCV, Marine x2  
  172  11:51  Supply Depot  
  176  11:55  Siege Tank  
  176  11:58  Marine x2  
  180  12:04  SCV x2  
  180  12:07  Marine x3  
  184  12:09  Siege Tank  
  184  12:11  Marine  
  184  12:14  Marine x2  
  188  12:19  Terran Vehicle Weapons Level 1  
  188  12:22  SCV  
  189  12:23  SCV  
  189  12:24  Viking  
  189  12:25  Viking  
  193  12:35  Marine  
  193  12:44  Marine  
  193  12:46  Marine  
  193  12:48  Marine  
  196  12:53  Starport, Planetary Fortress  
  196  12:55  Refinery  
  196  12:56  Starport  
  196  12:57  Sensor Tower  
  196  12:58  Viking x2  
  200  13:05  Terran Infantry Weapons Level 3  
  200  13:13  Terran Infantry Armor Level 3  
  200  13:14  Supply Depot  
  199  13:29  Marine x2  
  199  13:30  Marine  
  199  13:32  Marine  
  163  13:34  Siege Tank  
  163  13:35  Marine x5  
  163  13:36  Marine  
  163  13:39  Siege Tank  
  153  13:47  Marine x2, Viking x2  
  144  13:48  Starport Reactor x2, Marine  
  144  13:50  Marine  
  144  13:53  Marine x5  
  144  13:54  Marine  
  152  14:05  SCV x3, Marine x2  
  152  14:06  Marine  
  152  14:08  Marine, Refinery  
  156  14:10  Marine  
  156  14:11  Marine x4  
  156  14:12  Marine  
  156  14:14  Siege Tank  
  156  14:16  Siege Tank  
  168  14:23  Marine x2  
  168  14:24  Marine  
  170  14:25  SCV x2, Marine  
  170  14:26  SCV  
  170  14:29  Terran Vehicle Weapons Level 2  
  175  14:35  Marine  
  175  14:36  Marine x4  
  175  14:37  SCV  
  181  14:46  Viking  
  181  14:48  Liberator  
  181  14:51  Siege Tank  
  191  14:55  Marine x2  
  191  15:01  Marine, Starport Reactor  
  187  15:09  Medivac x2  
  187  15:10  Marine x2  
  180  15:16  Viking  
  180  15:20  Siege Tank  
  175  15:21  Marine x2  
  175  15:22  Marine x3  
  175  15:23  Marine x2  
  175  15:26  Marine  
  175  15:28  Marine x2  
  182  15:31  Viking  
  182  15:34  Siege Tank  
  189  15:36  Fusion Core  
  189  15:39  Medivac, Command Center, Marine x2, Viking  
  189  15:40  Marine  
  196  15:45  Marine x2  
  196  15:47  Armory  
  196  15:48  Marine x2  
  196  15:49  Marine  
  195  15:53  Marine x2  
  195  15:55  Viking x2  
  198  15:57  Marine  
  194  16:09  Command Center  
  193  16:11  Viking  
  193  16:18  Marine x2  
  196  16:20  Viking  
  198  16:26  Viking  
  197  16:51  Viking x2  
  197  16:53  Terran Ship Weapons Level 1  
  198  17:02  Marine  
  198  17:03  Liberator, Viking x2  
  198  17:06  Terran Vehicle And Ship Armor Level 1, Fusion Core  
  199  17:13  Siege Tank  
  199  17:14  Marine  
  199  17:15  Marine x2  
  190  17:18  Marine  
  190  17:21  Marine x2  
  190  17:22  Marine  
  146  17:24  Liberator x2  
  146  17:25  Marine x3  
  133  17:32  Marine x2  
  133  17:33  Marine  
  133  17:36  Marine  
  129  17:39  Marine x2  
  129  17:40  Marine  
  129  17:43  Marine x2  
  134  17:47  SCV x2  
  134  17:50  Orbital Command  
  136  17:52  Marine x4  
  136  17:54  Marine  
  136  17:58  Viking  
  143  18:02  Marine x2  
  145  18:12  Liberator x2  
  151  18:19  Marine  
  152  18:21  Liberator  
  152  18:27  Marine x2  
  150  18:36  Marine  
  150  18:40  Liberator, Viking  
  142  18:48  Marine x4  
  142  18:50  Medivac  
  142  18:53  Marine  
  149  18:56  Marine  
  149  19:00  Marine  
  149  19:01  Orbital Command  
  145  19:03  Marine x2  
  145  19:05  Marine  
  145  19:08  Marine x2  
  143  19:12  Marine  
  144  19:18  Medivac  
  144  19:21  Marine x2  
  148  19:27  Marine  
  148  19:28  Marine x2  
  148  19:30  Marine  
  149  19:32  Marine  

Tags
 
Add a new tag
Caveats
  • Supply blocks, unpowered buildings, or Contaminate may cause inaccurate times.
  • Supply counts are checked every 10 seconds.